 Dungeon Crawl Stone Soup version 0.31-a0-145-g046c7d2549 (webtiles) character file.

Game seed: 7494441227941485635

473 qw the Skirmisher (level 6, -4/55 HPs)
             Began as a Minotaur Hunter on June 7, 2023.
             Slain by Duvessa
             ... wielding a +0 short sword
              (7 damage)
             ... on level 3 of the Dungeon.
             The game lasted 00:00:53 (2449 turns).

qw the Skirmisher (Minotaur Hunter)                 Turns: 2449, Time: 00:00:53

Health: -4/55      AC:  6    Str: 15    XL:     6   Next: 83%
Magic:  5/5        EV: 11    Int:  6    God:
Gold:   153        SH:  0    Dex: 16    Spells: 5/5 levels left

rFire   . . .        Y - +0 shortbow (chaos)
rCold   . . .        (shield currently unavailable)
rNeg    . . .        a - +0 ring mail
rPois   .            (helmet restricted)
rElec   .            (no cloak)
rCorr   .            j - +0 pair of gloves
SInv    .            (no boots)
Will    .....        (no amulet)
Stlth   +            (no ring)
HPRegen 0.29/turn    (no ring)
MPRegen 0.09/turn

%: no passive effects
@: no status effects
A: horns 2, retaliatory headbutt
a: no special abilities


You were on level 3 of the Dungeon.
You visited 1 branch of the dungeon, and saw 4 of its levels.

You collected 153 gold pieces.


Innate Abilities, Weirdness & Mutations

You have a pair of horns on your head.
You reflexively headbutt those who attack you in melee.


   Skills:
 + Level 4.8 Fighting
 - Level 8.1 Ranged Weapons
 - Level 1.0 Armour
 - Level 2.1 Dodging
 - Level 0.7 Stealth


You had 5 spell levels left.
You didn't know any spells.
Your spell library was empty.

Inventory:

Hand Weapons
 Y - a +0 shortbow of chaos (weapon)
Armour
 a - a +0 ring mail (worn)
 j - a +0 pair of gloves (worn)
Jewellery
 g - a ring of ice
Scrolls
 h - a scroll of identify
Potions
 c - a potion of mutation {unknown}
 d - a potion of curing
 e - a potion of attraction {unknown}
 f - a potion of resistance {unknown}

Dungeon Overview and Level Annotations

Branches:
Dungeon (4/15)
 Temple: D:4-7

Altars:

Annotations:
D:3 Dowan, Duvessa
Abyss:1 Grinder


Message History

Duvessa hits you with a +0 short sword. Dowan barely misses you.
You shoot an arrow. The arrow barely misses Duvessa.
Duvessa hits you with a +0 short sword. Dowan hits you with a +0 dagger.
You shoot an arrow. The arrow closely misses Duvessa.
Duvessa hits you but does no damage. Dowan barely misses you.
You furiously retaliate!
You headbutt Dowan! You shoot an arrow.
The arrow hits Duvessa but does no damage.
Duvessa is heavily wounded.
Duvessa hits you with a +0 short sword.
Dowan gestures at Duvessa while chanting.
Duvessa seems to speed up.
You shoot an arrow. The arrow hits Duvessa.
The arrow burns Duvessa.
Duvessa is severely wounded.
Duvessa hits you with a +0 short sword. Dowan closely misses you.
Duvessa hits you with a +0 short sword.
You shoot an arrow. The arrow hits Duvessa.
You feel better.
Duvessa is severely wounded.
Duvessa hits you with a +0 short sword. Dowan hits you with a +0 dagger.
Duvessa hits you but does no damage.
Dowan points at you and mumbles some strange words.
The puff of flame hits you!
You shoot an arrow. The arrow hits Duvessa.
Duvessa is severely wounded.
Duvessa hits you with a +0 short sword!
Dowan gestures wildly while chanting.
Dowan blinks!
You shoot an arrow. The arrow hits Duvessa.
Duvessa suddenly seems more agile.
Duvessa is almost dead.
Duvessa hits you but does no damage. Duvessa hits you with a +0 short sword.
You shoot an arrow.
The arrow hits Duvessa but does no damage.
Duvessa is almost dead.
Duvessa hits you but does no damage.
You shoot an arrow.
The arrow hits Duvessa but does no damage.
Duvessa suddenly seems more resistant.
Duvessa is almost dead.
Duvessa hits you with a +0 short sword!
You die...

#.........#
#.........#################
#.........##.............:.
#......%..##.#####....#####
#.........##.# #....#
#.......[....# #....#
####.#....e### #....#
#.#.###.#######....#####
#.....e@......'.........
###.###########....#####
#.# ###### #.# #.# #.###
#...# ###(# #.# #####


You could see Duvessa (fast, agile, resistant) and Dowan.

Vanquished Creatures
  A bullfrog (D:4)
  An orc priest (D:3)
  A jelly (D:4)
  A sleepcap (D:3)
  7 adders
  7 orcs (D:3)
  6 ball pythons
  2 endoplasms
  2 giant cockroaches (D:3)
  7 goblins
  6 hobgoblins
  6 kobolds
  2 quokkas
  3 bats
  5 frilled lizards
  4 rats
61 creatures vanquished.

Notes
Turn   | Place    | Note
-------+----------+-------------------------------------------
     0 | D:1      | qw the Minotaur Hunter began the quest for the Orb.
     0 | D:1      | Reached XP level 1. HP: 18/18 MP: 0/0
     0 | D:1      | 0 ||| qw: Version: 0.2-a-117-gc6b5c8b
     0 | D:1      | 0 ||| qw: Game counter: 2424
     0 | D:1      | 0 ||| qw: Always use a shield: true
     0 | D:1      | 0 ||| qw: God list: Okawaru
     0 | D:1      | 0 ||| qw: Allow faded altars: false
     0 | D:1      | 0 ||| qw: Do Orc after D:15 true
     0 | D:1      | 0 ||| qw: Do second Lair branch before Depths: true
     0 | D:1      | 0 ||| qw: Lair rune preference: random
     0 | D:1      | 0 ||| qw: Plans: Normal
     0 | D:1      | 0 ||| PLANNING D:1-11
   241 | D:1      | Reached XP level 2. HP: 14/25 MP: 1/1
   242 | D:1      | Reached skill level 5 in Ranged Weapons
   621 | D:1      | 621 ||| READING scroll labelled PYNGEIKLEC.
   622 | D:1      | 622 ||| READING scroll labelled QOWOG LICWILE.
   623 | D:1      | 623 ||| READING scroll labelled NUQOBY PUFEXT.
   624 | D:1      | 624 ||| DRINKING 2 yellow potions.
   625 | D:1      | 625 ||| DROPPING scroll of butterflies.
   660 | D:2      | 660 ||| STAIRDANCE
   664 | D:1      | HP: 6/25 [poisoned by an adder]
   665 | D:1      | 665 ||| DRINKING potion of heal wounds.
   667 | D:1      | Reached skill level 3 in Fighting
   669 | D:1      | Reached XP level 3. HP: 15/31 MP: 2/2
  1291 | D:2      | 1291 ||| UPGRADING to +0 ring mail.
  1301 | D:2      | 1301 ||| DROPPING +0 leather armour.
  1302 | D:2      | 1302 ||| READING scroll labelled SOUKLU ZECOAMM.
  1306 | D:2      | 1306 ||| READING scroll labelled CUPTONT SAOCAT.
  1307 | D:2      | 1307 ||| READING scroll labelled NEX LICKUEDOMI.
  1429 | D:3      | Reached skill level 1 in Armour
  1430 | D:3      | Reached XP level 4. HP: 38/38 MP: 3/3
  1476 | D:3      | Reached skill level 6 in Ranged Weapons
  1647 | D:3      | Found a faded altar of an unknown god.
  1700 | D:3      | Noticed Grinder
  1718 | D:3      | HP: 10/40 [Grinder (4)]
  1718 | D:3      | HP: 4/40 [Grinder (6)]
  1724 | D:3      | Banished Grinder
  1725 | D:3      | Reached skill level 7 in Ranged Weapons
  1725 | D:3      | Reached XP level 5. HP: 7/46 MP: 4/4
  1725 | D:3      | Reached XP level 6. HP: 8/52 MP: 5/5
  1927 | D:3      | Identified the +6 dagger "Halimopt" {speed, *Noise rN+++
                  | Dex+5}
  2133 | D:3      | 2133 ||| UPGRADING to +0 pair of gloves.
  2138 | D:3      | 2138 ||| READING scroll labelled IXACAH VATI.
  2139 | D:3      | 2139 ||| DRINKING 2 viscous golden potions.
  2140 | D:3      | 2140 ||| DRINKING 2 blue potions.
  2141 | D:3      | 2141 ||| DROPPING potion of magic.
  2183 | D:4      | Reached skill level 8 in Ranged Weapons
  2183 | D:4      | 2183 ||| STAIRDANCE
  2202 | D:4      | Noticed Duvessa
  2207 | D:4      | 2207 ||| STAIRDANCE
  2294 | D:4      | Noticed Dowan
  2295 | D:4      | 2295 ||| STAIRDANCE
  2343 | D:4      | 2343 ||| STAIRDANCE
  2368 | D:4      | 2368 ||| STAIRDANCE
  2411 | D:4      | 2411 ||| STAIRDANCE
  2437 | D:4      | 2437 ||| STAIRDANCE
  2445 | D:3      | HP: 11/55 [Dowan/puff of flame (12)]
  2446 | D:3      | HP: 5/55 [Duvessa/+0 short sword (7)]
  2447 | D:3      | HP: 2/55 [Duvessa/+0 short sword (3)]
  2449 | D:3      | Slain by Duvessa

Levels and vault maps discovered:
D:1:      minmay_arrival_hallway, layout_basic
D:2:      layout_loops_cross, minmay_misc_feat_hallway
D:3:      layout_basic, ebering_ecumenical_altar_webs, uniq_grinder
D:4:      layout_loops_ring, grunt_decor_cap, dk_rats_in_the_wall, uniq_duvessa

Skill      XL: |  1  2  3  4  5  6 |
---------------+-------------------+-----
Ranged Weapons | 5 7 8 |  8.1
Fighting       | 3 4 |  4.8
Armour         | 1 |  1.0
Dodging        | |  2.1
Stealth        | |  0.7

Action                     |  1- 3 |  4- 6 || total
---------------------------+-------+-------++-------
   Fire: Shortbow          |    78 |    92 ||   170
    Use: Scroll            |     6 |     1 ||     7
         Potion            |     2 |     2 ||     4
 Armour: Leather armour    |    13 |       ||    13
         Ring mail         |       |    15 ||    15
  Dodge: Dodged            |    21 |    27 ||    48

Table legend:
 A = Non-vault XP
 B = Vault XP
 C = Vault XP percentage of total XP
 D = Non-vault monster count
 E = Vault monster count
 F = Vault count percentage of total count
                 A         B        C        D         E       F
            +---------+---------+-------+---------+---------+-------
      Total |     399 |     277 |  41.0 |      61 |       1 |   1.6
            +---------+---------+-------+---------+---------+-------
        D:1 |      52 |       0 |   0.0 |      17 |       0 |   0.0
        D:2 |      32 |       0 |   0.0 |      14 |       0 |   0.0
        D:3 |     178 |     277 |  60.9 |      27 |       1 |   3.6
        D:4 |     137 |       0 |   0.0 |       3 |       0 |   0.0
            +---------+---------+-------+---------+---------+-------
